 Dungeon Crawl Stone Soup version 0.30-a0-743-gbfdf073431 (webtiles) character file.

Game seed: 7179787855778346638

306 kingofthe the Vexing (level 6, 0/47 HPs)
             Began as a Gnoll Hexslinger on Feb 5, 2023.
             Killed from afar by Ijyb (13 damage)
             ... with a puff of flame
             ... on level 3 of the Dungeon.
             The game lasted 00:07:40 (1974 turns).

kingofthe the Vexing (Gnoll Hexslinger)             Turns: 1974, Time: 00:07:41

Health: 0/47       AC:  2    Str:  9    XL:     6   Next: 39%
Magic:  8/11       EV: 14    Int: 12    God:
Gold:   146        SH:  0    Dex: 15    Spells: 10/11 levels left

rFire   . . .      SeeInvis +    a - +1 sling
rCold   . . .      Faith    .    (no shield)
rNeg    . . .      Spirit   .    c - +0 robe
rPois   .          Reflect  .    (no helmet)
rElec   .          Harm     .    (no cloak)
rCorr   .          Rampage  .    (no gloves)
Will    .....                    (no boots)
Stlth   ++                       (no amulet)
HPRegen 0.27/turn                i - ring of see invisible
MPRegen 0.12/turn                q - ring of flight

@: flying
A: fangs 1, strong nose, distributed training
a: no special abilities


You were on level 3 of the Dungeon.
You visited 1 branch of the dungeon, and saw 3 of its levels.

You collected 146 gold pieces.

Inventory:

Hand Weapons
 a - a +1 sling (weapon)
Armour
 c - a +0 robe (worn)
Jewellery
 f - an amulet of faith
 i - a ring of see invisible (left hand)
 q - a ring of flight (right hand)
Wands
 k - a wand of flame (13)
Scrolls
 b - a scroll of poison
 g - a scroll of silence {unknown}
 h - 2 scrolls of vulnerability {unknown}
 j - a scroll of fog {unknown}
 m - 2 scrolls of butterflies {unknown}
 r - a scroll of immolation {unknown}
Potions
 d - a potion of degeneration {unknown}
 e - a potion of resistance {unknown}
 l - a potion of mutation {unknown}
 n - a potion of berserk rage {unknown}
 o - 2 potions of heal wounds
 p - 3 potions of brilliance {unknown}


   Skills:
 + Level 3.3 Fighting
 + Level 2.0 Short Blades
 + Level 2.0 Long Blades
 + Level 2.0 Axes
 + Level 2.0 Maces & Flails
 + Level 2.0 Polearms
 + Level 2.0 Staves
 + Level 5.0 Ranged Weapons
 + Level 2.0 Throwing
 + Level 2.0 Armour
 + Level 5.0 Dodging
 + Level 2.0 Stealth
 + Level 2.0 Shields
 + Level 2.0 Unarmed Combat
 + Level 3.4 Spellcasting
 + Level 1.6 Conjurations
 + Level 5.7 Hexes
 + Level 1.6 Summonings
 + Level 1.6 Necromancy
 + Level 1.6 Translocations
 + Level 1.6 Transmutations
 + Level 1.6 Fire Magic
 + Level 1.6 Ice Magic
 + Level 1.6 Air Magic
 + Level 1.6 Earth Magic
 + Level 1.6 Poison Magic
 + Level 2.2 Invocations
 + Level 2.0 Evocations


You had 10 spell levels left.
You knew the following spells:

 Your Spells              Type           Power      Damage    Failure   Level
a - Slow                  Hex            60%        N/A       2%          1

Your spell library contained the following spells:

 Spells                   Type           Power      Damage    Failure   Level
 Inner Flame              Hex/Fire       10%        N/A       16%         3
 Portal Projectile        Hex/Tloc       20%        N/A       16%         3
 Summon Guardian Golem    Hex/Summ       10%        N/A       16%         3
 Cause Fear               Hex            7%         N/A       22%         4
 Ignite Poison            Fire/Tmut/Pois 5%         N/A       36%         3
 Sticky Flame             Conj/Fire      5%         2d3       77%         4
 Orb of Destruction       Conj           2%         9d5       100%        7
 Spellforged Servitor     Conj/Summ      2%         N/A       100%        7
 Ignition                 Fire           2%         3d3       100%        8


Dungeon Overview and Level Annotations

Branches:
Dungeon (3/15)

Altars:
Trog

Shops:
D:1 ?[:?

Annotations:
D:3 3 runed translucent doors, Ijyb; cheesebisquit's ghost, amateur GrEE


Innate Abilities, Weirdness & Mutations

You have very sharp teeth.
Your uncanny sense of smell can sniff out nearby items.
Your experience applies equally to all skills.


Message History

The bat hits you but does no damage. The bat hits you.
Ijyb zaps a wand.
The puff of flame misses you. The bat misses you.
You shoot a sling bullet. The sling bullet barely misses Ijyb.
The bat barely misses you. Ijyb closely misses you. The bat barely misses you.
You shoot a sling bullet. The sling bullet hits Ijyb.
Ijyb is moderately wounded.
The bat misses you. The bat closely misses you. The bat barely misses you.
Ijyb zaps a wand.
The puff of flame hits you!
You are too injured to fight recklessly!
You are too injured to fight recklessly!
The bat completely misses you.
Your magical contamination has completely faded away.
There is a stone staircase leading up here.
You are too injured to fight recklessly!
You are too injured to fight recklessly!
Fire: a) +1 sling
Press: ? - help, Q - select action, (/) - cycle Shift-Dir - straight line, f - bat
Aim: a bat (46% to hit)
You shoot a sling bullet.
The sling bullet closely misses the bat.
The bat misses you.
Fire: a) +1 sling
Press: ? - help, Q - select action, (/) - cycle Shift-Dir - straight line, f/p - bat
Aim: a bat (46% to hit)
You shoot a sling bullet. The sling bullet hits the bat.
You kill the bat!
Fire: a) +1 sling
Press: ? - help, Q - select action, (/) - cycle Shift-Dir - straight line, f - Ijyb
Aim: Ijyb, wielding a +0 dagger, wearing a +0 leather armour and carrying a wand of flame (13) (moderately wounded, slow, 53% to hit)
You shoot a sling bullet. The sling bullet closely misses Ijyb.
Ijyb is no longer moving slowly.
Ijyb closely misses you.
Fire: a) +1 sling
Press: ? - help, Q - select action, (/) - cycle Shift-Dir - straight line, f/p - Ijyb
Aim: Ijyb, wielding a +0 dagger, wearing a +0 leather armour and carrying a wand of flame (13) (moderately wounded, 53% to hit)
You shoot a sling bullet.
The sling bullet completely misses Ijyb.
Ijyb zaps a wand.
The puff of flame hits you.
* * * LOW HITPOINT WARNING * * *
Ijyb zaps a wand.
The puff of flame hits you!
You die...

#.# #># ..# # #.#
.. #.# #.###.#
#.....## # #.g.#
.# #.#@####.#
#...g.#......#
##....#....#.....#
#..#######.# ....#
#.........###+++##
#. ##...## WZ...[.
# .... #Z....# ...
....$. .. .?$..#


You could see Ijyb, cheesebisquit's ghost, a bullfrog zombie and a centaur
skeleton.

Vanquished Creatures
  Grinder (D:3)
  Natasha (twice) (D:2)
  3 adders (D:2)
  A dart slug (D:1)
  2 ball pythons (D:1)
  4 bats
  9 endoplasms
  A giant cockroach (D:3)
  2 hobgoblins (D:1)
  A quokka (D:2)
  3 frilled lizards
  7 goblins
  4 kobolds
  5 rats
45 creatures vanquished.

Notes
Turn   | Place    | Note
-------+----------+-------------------------------------------
     0 | D:1      | kingofthe the Gnoll Hexslinger began the quest for the Orb.
     0 | D:1      | Reached XP level 1. HP: 17/17 MP: 4/4
    29 | D:1      | Found Uhoetz's Magic Scroll Shop.
    66 | D:1      | Reached XP level 2. HP: 21/23 MP: 5/5
   363 | D:1      | Found Coag's Magic Scroll Shoppe.
   454 | D:1      | Found Ceckel Zui's Antique Armour Emporium.
   479 | D:1      | Found Gietu's Book Boutique.
   530 | D:1      | Reached XP level 3. HP: 28/28 MP: 5/7
   747 | D:2      | Reached skill level 1 in Invocations
   796 | D:2      | Reached skill level 1 in Short Blades
   796 | D:2      | Reached skill level 1 in Long Blades
   796 | D:2      | Reached skill level 1 in Axes
   796 | D:2      | Reached skill level 1 in Maces & Flails
   796 | D:2      | Reached skill level 1 in Polearms
   796 | D:2      | Reached skill level 1 in Staves
   796 | D:2      | Reached skill level 1 in Throwing
   796 | D:2      | Reached skill level 1 in Armour
   796 | D:2      | Reached skill level 1 in Stealth
   796 | D:2      | Reached skill level 1 in Shields
   796 | D:2      | Reached skill level 1 in Unarmed Combat
   796 | D:2      | Reached skill level 1 in Evocations
   863 | D:2      | Found a bloodstained altar of Trog.
   899 | D:2      | Reached XP level 4. HP: 34/34 MP: 8/8
  1123 | D:2      | Noticed Natasha
  1151 | D:2      | Killed Natasha
  1152 | D:2      | Reached skill level 1 in Conjurations
  1152 | D:2      | Reached skill level 1 in Summonings
  1152 | D:2      | Reached skill level 1 in Necromancy
  1152 | D:2      | Reached skill level 1 in Translocations
  1152 | D:2      | Reached skill level 1 in Transmutations
  1152 | D:2      | Reached skill level 1 in Fire Magic
  1152 | D:2      | Reached skill level 1 in Ice Magic
  1152 | D:2      | Reached skill level 1 in Air Magic
  1152 | D:2      | Reached skill level 1 in Earth Magic
  1152 | D:2      | Reached skill level 1 in Poison Magic
  1353 | D:2      | Found a faded altar of an unknown god.
  1729 | D:2      | Noticed Natasha
  1737 | D:2      | Killed Natasha
  1738 | D:2      | Reached XP level 5. HP: 35/40 MP: 7/9
  1783 | D:3      | Noticed cheesebisquit's ghost (amateur GrEE)
  1784 | D:3      | Noticed Grinder
  1788 | D:3      | Paralysed by Grinder for 2 turns
  1794 | D:3      | Found a runed translucent gate.
  1794 | D:3      | Found a runed translucent gate.
  1794 | D:3      | Found a runed translucent gate.
  1800 | D:3      | Paralysed by Grinder for 3 turns
  1811 | D:3      | Killed Grinder
  1812 | D:3      | Reached skill level 5 in Ranged Weapons
  1812 | D:3      | Reached skill level 5 in Dodging
  1812 | D:3      | Reached XP level 6. HP: 8/47 MP: 8/11
  1957 | D:3      | Noticed Ijyb
  1974 | D:3      | Killed from afar by Ijyb

Illustrated notes

Levels and vault maps discovered:
D:1:      wander_arrival_estate, layout_rooms, serial_shops, shop_coins,
          nicolae_shop_window_shopping, nicolae_shop_hallway_plus,
          nicolae_shop_behind_doors, minmay_pentomino_p2
D:2:      layout_loops_cross, basic_altar,
          shapermc_ecumenical_altar_mp_vishouse, kennysheep_cross_room,
          uniq_natasha
D:3:      layout_loops_ring, nicolae_wu_jian_immortal_techniques,
          gammafunk_ghost_necromancy, uniq_jessica, uniq_grinder, uniq_ijyb

Skill      XL: |  1  2  3  4  5 |
---------------+----------------+-----
Invocations    | 1 2 |  2.2
Short Blades   | 1 2 |  2.0
Long Blades    | 1 2 |  2.0
Axes           | 1 2 |  2.0
Maces & Flails | 1 2 |  2.0
Polearms       | 1 2 |  2.0
Staves         | 1 2 |  2.0
Throwing       | 1 2 |  2.0
Armour         | 1 2 |  2.0
Stealth        | 1 2 |  2.0
Shields        | 1 2 |  2.0
Unarmed Combat | 1 2 |  2.0
Evocations     | 1 2 |  2.0
Spellcasting   | 3 |  3.4
Conjurations   | 1 |  1.6
Summonings     | 1 |  1.6
Necromancy     | 1 |  1.6
Translocations | 1 |  1.6
Transmutations | 1 |  1.6
Fire Magic     | 1 |  1.6
Ice Magic      | 1 |  1.6
Air Magic      | 1 |  1.6
Earth Magic    | 1 |  1.6
Poison Magic   | 1 |  1.6
Fighting       | 3 |  3.3
Ranged Weapons | 5 |  5.0
Dodging        | 5 |  5.0
Hexes          | |  5.7

Action                     |  1- 3 |  4- 6 || total
---------------------------+-------+-------++-------
   Fire: Sling             |    74 |    72 ||   146
   Cast: Slow              |    20 |    27 ||    47
  Evoke: Wand              |       |     2 ||     2
 Armour: Robe              |     2 |     9 ||    11
  Dodge: Dodged            |    11 |    49 ||    60

Table legend: (Time is in decaauts)
 A = Elapsed time spent in this place.
 B = Non-inter-level travel time spent in this place.
 C = Inter-level travel time spent in this place.
 D = Time resting spent in this place.
 E = Time spent auto-exploring this place.
 F = Levels seen in this place.
 G = Mean time per level.
                   A        B        C        D        E       F      G
               +--------+--------+--------+--------+--------+-----+--------+
         Total |   2007 |   1875 |    132 |    253 |   1270 |   3 |  669.0 |
       Dungeon |   2007 |   1875 |    132 |    253 |   1270 |   3 |  669.0 |
               +--------+--------+--------+--------+--------+-----+--------+

Top non-repeatable levels by time:
     D:2: 1213 daAuts
     D:1: 720 daAuts
     D:3: 74 daAuts
